Toronto St Pats vs Providence Bruins
Created - Saturday, August 17, 2024 at 07:30
Goals
|
| Toronto St Pats |
1 |
1 |
1 |
3 |
| Providence Bruins |
2 |
3 |
1 |
6 |
|
Shots
|
| Toronto St Pats |
14 |
13 |
11 |
38 |
| Providence Bruins |
12 |
14 |
12 |
38 |
|
1st period
1. Providence Bruins , Daniil Gushchin 1 (Connor Clifton 1, Simon Holmstrom 1) at 4:37
2. Providence Bruins , John-Jason Peterka 3 (John Beecher 2) at 11:50 (PP)
3. Toronto St Pats , John Farinacci 1 (Bogdan Trineyev 1, Scott Perunovich 1) at 14:32
Penalties :
Nick Cousins (TSP) for High sticking (Double Minor) at 4:59, Lucas Carlsson (TSP) for Roughing (Double Minor) at 11:42, Cole Smith (PRB) for High sticking (Double Minor) at 15:57, Nick Cousins (TSP) for Hooking (Minor) at 17:59
2nd period
4. Toronto St Pats , John Farinacci 2 (Nikita Okhotiuk 1) at 3:23
5. Providence Bruins , Cole Schwindt 1 (Alex Laferriere 1) at 3:36
6. Providence Bruins , Simon Holmstrom 1 (Georgi Merkulov 1) at 5:39
7. Providence Bruins , Daniil Gushchin 2 (Georgi Merkulov 2, Connor Clifton 2) at 8:24
Penalties :
John Ludvig (PRB) for Tripping (Minor) at 1:12, Cole Smith (PRB) for Fighting (Major) at 5:08, Lassi Thomson (TSP) for Fighting (Major) at 5:08, John Ludvig (PRB) for Slashing (Minor) at 5:52, John Beecher (PRB) for Tripping (Minor) at 9:14
3rd period
8. Providence Bruins , Nikita Chibrikov 1 (Yegor Zamula 1, Alex Laferriere 2) at 3:18
9. Toronto St Pats , Ryan Tverberg 1 (Brendan Gaunce 1, Lassi Thomson 1) at 7:29
Penalties :
Yegor Zamula (PRB) for Fighting (Major) at 3:57, Sam Malinski (TSP) for Fighting (Major) at 3:57, Michael Kesselring (PRB) for Fighting (Major) at 4:57, Nick Cousins (TSP) for Fighting (Major) at 4:57, Connor Clifton (PRB) for Tripping (Minor) at 12:34
Goalie Stats
Adam Scheel (TSP), 32 saves from 38 shots - (0.842), L, 0-2-0, 60:00 minutes
Trent Miner (PRB), 35 saves from 38 shots - (0.921), W, 2-0-0, 60:00 minutes
Players Stats for Toronto St Pats
Player Name G A P +/- PIM S H SB GA TA FO MP PP MP PK MP
------------------------------------------------------------------------------------
Austin Watson 0 0 0 -3 0 1 6 0 0 0 0/0 16:22 4:36 0:35
Bogdan Trineyev 0 1 1 1 0 1 0 1 0 0 0/0 7:27 0:00 0:00
Brendan Brisson 0 0 0 -3 0 6 1 1 2 0 5/15 19:22 4:36 2:36
Brendan Gaunce 0 1 1 0 0 4 1 0 2 0 6/8 14:17 0:10 1:10
Brett Berard 0 0 0 1 0 0 2 0 1 0 0/1 10:33 0:00 0:00
Connor Dewar 0 0 0 0 0 1 2 1 0 0 8/21 20:43 5:12 2:36
John Farinacci 2 0 2 1 0 4 0 0 0 1 1/2 9:47 0:00 1:37
Lassi Thomson 0 1 1 0 5 1 1 3 0 1 0/0 12:17 0:00 0:27
Lucas Carlsson 0 0 0 -2 4 1 1 0 0 0 0/0 19:18 4:56 0:27
Mackie Samoskevich 0 0 0 -4 0 1 2 0 0 0 2/3 16:30 4:46 0:00
Matthew Maggio 0 0 0 1 0 0 0 1 0 0 0/0 7:27 0:00 0:00
Nick Cousins 0 0 0 0 11 4 2 0 0 1 1/2 17:07 5:11 1:02
Nikita Okhotiuk 0 1 1 1 0 0 2 2 0 2 0/0 20:44 0:00 3:06
Pierre-Olivier Joseph 0 0 0 -1 0 0 3 4 0 1 0/0 25:53 4:56 3:06
Ryan Tverberg 1 0 1 0 0 5 1 0 1 0 0/0 12:01 0:10 0:12
Sam Malinski 0 0 0 -1 5 4 2 1 0 0 0/0 20:09 5:02 2:35
Scott Perunovich 0 1 1 -1 0 1 0 1 1 1 0/0 21:36 5:02 2:35
Travis Boyd 0 0 0 0 0 4 2 1 1 0 2/6 20:16 5:12 2:28
Players Stats for Providence Bruins
Player Name G A P +/- PIM S H SB GA TA FO MP PP MP PK MP
------------------------------------------------------------------------------------
Alex Laferriere 0 2 2 2 0 4 1 0 0 1 0/0 13:44 0:56 0:00
Brayden Tracey 0 0 0 0 0 0 0 0 0 0 0/0 7:00 0:00 0:00
Brian Halonen 0 0 0 0 0 3 0 0 1 0 0/0 8:15 0:45 0:00
Cole Schwindt 1 0 1 1 0 2 1 0 0 1 5/12 14:43 0:58 2:52
Cole Smith 0 0 0 0 9 1 2 0 1 0 0/0 14:11 2:45 2:32
Connor Clifton 0 2 2 3 2 3 3 0 0 0 0/0 23:58 3:09 3:57
Daniil Gushchin 2 0 2 2 0 3 3 0 0 0 1/4 16:45 2:29 1:08
Georgi Merkulov 0 2 2 2 0 4 2 0 0 0 6/10 15:05 2:25 0:18
Jayden Grubbe 0 0 0 0 0 0 0 0 0 0 1/1 7:00 0:00 0:00
John Beecher 0 1 1 0 2 2 2 0 0 1 15/18 19:02 2:40 3:44
John Ludvig 0 0 0 -1 4 0 0 1 0 0 0/0 14:46 0:25 0:25
John-Jason Peterka 1 0 1 -1 0 4 1 0 2 2 4/11 20:05 2:46 4:27
Kaedan Korczak 0 0 0 -2 0 1 2 0 1 2 0/0 23:38 2:34 4:52
Michael Kesselring 0 0 0 -1 5 0 4 0 0 1 0/0 21:56 2:34 5:13
Nikita Chibrikov 1 0 1 1 0 3 1 0 0 0 0/0 10:33 0:12 0:29
Simon Holmstrom 1 1 2 0 0 4 1 0 2 0 1/2 21:21 2:28 4:27
Ty Emberson 0 0 0 3 0 2 2 2 0 0 0/0 24:01 3:09 4:45
Yegor Zamula 0 1 1 1 5 2 1 2 0 0 0/0 11:55 0:25 0:44
3 Stars
1 - Daniil Gushchin (PRB)
2 - Georgi Merkulov (PRB)
3 - Connor Clifton (PRB)
Power Play
Toronto St Pats - 0 on 6 Attempt(s) - 0.00%
Providence Bruins - 1 on 5 Attempt(s) - 20.00%
Penalty Kill
Toronto St Pats - 4 on 5 Attempt(s) - 80.00%
- Score 0 goal in Penalty Kill
Providence Bruins - 6 on 6 Attempt(s) - 100.00%
- Score 0 goal in Penalty Kill
Team Stat
Toronto St Pats - Hits : 28 - Faceoff Wins : 25 - Blocked Shots : 16 - Penalty Minutes : 25
Providence Bruins - Hits : 26 - Faceoff Wins : 33 - Blocked Shots : 5 - Penalty Minutes : 27
Official
Referees : Tom Chmielewski and Wes Mccauley
Linesman : Libor Suchanek and Dan Kelly
Game Notes
Cole Smith beats up Lassi Thomson at 5:08 of 2nd period
Yegor Zamula beats up Sam Malinski at 3:57 of 3rd period
Nick Cousins beats up Michael Kesselring at 4:57 of 3rd period
Toronto St Pats
5 vs 5 Forward
Center Left Wing Right Wing Time % Phy DF OF
1 Connor Dewar Nick Cousins Travis Boyd 30 1 2 2
2 Brendan Brisson Austin Watson Mackie Samoskevich 30 1 2 2
3 Brendan Gaunce Brett Berard Ryan Tverberg 25 1 2 2
4 John Farinacci Bogdan Trineyev Matthew Maggio 15 1 2 2
5 vs 5 Defense
Defense Defense Time % Phy DF OF
1 Nikita Okhotiuk Pierre-Olivier Joseph 30 1 2 2
2 Sam Malinski Scott Perunovich 30 1 2 2
3 Lucas Carlsson Lassi Thomson 25 1 2 2
4 Nikita Okhotiuk Pierre-Olivier Joseph 15 1 2 2
PowerPlay Forward
Center Left Wing Right Wing Time % Phy DF OF
1 Connor Dewar Nick Cousins Travis Boyd 50 1 2 2
2 Brendan Brisson Austin Watson Mackie Samoskevich 50 1 2 2
PowerPlay Defense
Defense Defense Time % Phy DF OF
1 Sam Malinski Scott Perunovich 50 1 2 2
2 Lucas Carlsson Pierre-Olivier Joseph 50 1 2 2
Penalty Kill 4 Players Forward
Center Wing Time % Phy DF OF
1 Connor Dewar Nick Cousins 50 1 2 2
2 Travis Boyd Brendan Brisson 50 1 2 2
Penalty Kill 4 Players Defense
Defense Defense Time % Phy DF OF
1 Nikita Okhotiuk Pierre-Olivier Joseph 50 1 2 2
2 Sam Malinski Scott Perunovich 50 1 2 2
Penalty Kill - 3 Players Forward
Forward Time % Phy DF OF
1 Connor Dewar 50 1 2 2
2 Nick Cousins 50 1 2 2
Penalty Kill - 3 Players Defense
Defense Defense Time % Phy DF OF
1 Nikita Okhotiuk Pierre-Olivier Joseph 50 1 2 2
2 Sam Malinski Scott Perunovich 50 1 2 2
4 vs 4 Forward
Center Wing Time % Phy DF OF
1 Connor Dewar Nick Cousins 50 1 2 2
2 Travis Boyd Brendan Brisson 50 1 2 2
4 vs 4 Defense
Defense Defense Time % Phy DF OF
1 Nikita Okhotiuk Pierre-Olivier Joseph 50 1 2 2
2 Sam Malinski Scott Perunovich 50 1 2 2
Last Minutes Offensive
Center Left Wing Right Wing Defense Defense
Connor Dewar Nick Cousins Travis Boyd Nikita Okhotiuk Pierre-Olivier Joseph
Last Minutes Defensive
Center Left Wing Right Wing Defense Defense
Connor Dewar Nick Cousins Travis Boyd Nikita Okhotiuk Pierre-Olivier Joseph
Goaltenders
Starting : Adam Scheel
Backup : Jakub Skarek
Extra Forwards
Normal : Brendan Gaunce, Ryan Tverberg, John Farinacci - PP : Brendan Gaunce, Ryan Tverberg - PK : John Farinacci
Extra Defensemen
Normal : Lucas Carlsson, Lassi Thomson, Sam Malinski - PP : Lucas Carlsson - PK : Lassi Thomson, Sam Malinski
Penalty Shots
Connor Dewar, Nick Cousins, Travis Boyd, Brendan Brisson, Austin Watson
Scratches
Cole McWard (Healthy), Nico Myatovic (Healthy), Eetu Liukas (Healthy), Ville Koivunen (Healthy), Jake Leschyshyn (Healthy)
Brett Brochu (Healthy), Will Cranley (Healthy)
Providence Bruins
5 vs 5 Forward
Center Left Wing Right Wing Time % Phy DF OF
1 John Beecher Cole Smith John-Jason Peterka 30 1 2 2
2 Georgi Merkulov Daniil Gushchin Simon Holmstrom 30 1 2 2
3 Cole Schwindt Nikita Chibrikov Alex Laferriere 25 1 2 2
4 Jayden Grubbe Brayden Tracey Brian Halonen 15 1 2 2
5 vs 5 Defense
Defense Defense Time % Phy DF OF
1 Connor Clifton Ty Emberson 35 1 2 2
2 Michael Kesselring Kaedan Korczak 35 1 2 2
3 John Ludvig Yegor Zamula 30 1 2 2
4 Connor Clifton Ty Emberson 0 1 2 2
PowerPlay Forward
Center Left Wing Right Wing Time % Phy DF OF
1 John Beecher Cole Smith John-Jason Peterka 50 1 2 2
2 Georgi Merkulov Daniil Gushchin Simon Holmstrom 50 1 2 2
PowerPlay Defense
Defense Defense Time % Phy DF OF
1 Connor Clifton Ty Emberson 50 1 2 2
2 Michael Kesselring Kaedan Korczak 50 1 2 2
Penalty Kill 4 Players Forward
Center Wing Time % Phy DF OF
1 John-Jason Peterka Simon Holmstrom 50 1 2 2
2 Cole Smith John Beecher 50 1 2 2
Penalty Kill 4 Players Defense
Defense Defense Time % Phy DF OF
1 Connor Clifton Ty Emberson 50 1 2 2
2 Michael Kesselring Kaedan Korczak 50 1 2 2
Penalty Kill - 3 Players Forward
Forward Time % Phy DF OF
1 John-Jason Peterka 50 1 2 2
2 Simon Holmstrom 50 1 2 2
Penalty Kill - 3 Players Defense
Defense Defense Time % Phy DF OF
1 Connor Clifton Ty Emberson 50 1 2 2
2 Michael Kesselring Kaedan Korczak 50 1 2 2
4 vs 4 Forward
Center Wing Time % Phy DF OF
1 John-Jason Peterka Simon Holmstrom 50 1 2 2
2 Cole Smith John Beecher 50 1 2 2
4 vs 4 Defense
Defense Defense Time % Phy DF OF
1 Connor Clifton Ty Emberson 50 1 2 2
2 Michael Kesselring Kaedan Korczak 50 1 2 2
Last Minutes Offensive
Center Left Wing Right Wing Defense Defense
John Beecher Cole Smith John-Jason Peterka Connor Clifton Ty Emberson
Last Minutes Defensive
Center Left Wing Right Wing Defense Defense
John Beecher Cole Smith John-Jason Peterka Connor Clifton Ty Emberson
Goaltenders
Starting : Trent Miner
Backup : Olof Lindbom
Extra Forwards
Normal : Alex Laferriere, Brian Halonen, Cole Schwindt - PP : Alex Laferriere, Brian Halonen - PK : Cole Schwindt
Extra Defensemen
Normal : John Ludvig, Yegor Zamula, Michael Kesselring - PP : John Ludvig - PK : Yegor Zamula, Michael Kesselring
Penalty Shots
John-Jason Peterka, Simon Holmstrom, Cole Smith, John Beecher, Alex Laferriere
Scratches
Jack Thompson (Healthy), Ethan Del Mastro (Healthy), Ozzy Wiesblatt (Healthy), Nikita Novikov (Healthy), Reid Schaefer (Healthy)
Jacob Moverare (Healthy), Mason Millman (Healthy), Leevi Merilainen (Healthy)
% Time on Ice - Toronto St Pats
Lines # - Real PCT - Wanted PCT - Time Play
Normal Forward
1 - 28% - 30% - 11:47
2 - 29% - 30% - 12:10
3 - 25% - 25% - 10:33
4 - 18% - 15% - 7:27
Normal Defense
1 - 30% - 30% - 12:42
2 - 33% - 30% - 13:56
3 - 28% - 25% - 11:47
4 - 8% - 15% - 3:32
PP Forward
1 - 52% - 50% - 5:12
2 - 48% - 50% - 4:46
PP Defense
1 - 51% - 50% - 5:02
2 - 49% - 50% - 4:56
PK Forward
1 - 55% - 50% - 3:22
2 - 45% - 50% - 2:46
PK Defense
1 - 53% - 50% - 3:16
2 - 47% - 50% - 2:52
PK3 Forward
1 - 0% - 50%
2 - 0% - 50%
PK3 Defense
1 - 0% - 50%
2 - 0% - 50%
44 Forward
1 - 58% - 50% - 1:08
2 - 42% - 50% - 0:49
44 Defense
1 - 51% - 50% - 1:00
2 - 49% - 50% - 0:57
Last Minute Offensive - 0:00
Last Minute Defensive - 0:00
Total
Forward - 60:00
Defense - 60:00
|
% Time on Ice - Providence Bruins
Lines # - Real PCT - Wanted PCT - Time Play
Normal Forward
1 - 30% - 30% - 12:43
2 - 29% - 30% - 12:22
3 - 24% - 25% - 9:52
4 - 17% - 15% - 7:00
Normal Defense
1 - 35% - 35% - 14:40
2 - 39% - 35% - 16:33
3 - 25% - 30% - 10:36
4 - 0% - 0% - 0:08
PP Forward
1 - 48% - 50% - 2:57
2 - 52% - 50% - 3:11
PP Defense
1 - 58% - 50% - 3:34
2 - 42% - 50% - 2:34
PK Forward
1 - 45% - 50% - 4:31
2 - 55% - 50% - 5:27
PK Defense
1 - 51% - 50% - 5:06
2 - 49% - 50% - 4:52
PK3 Forward
1 - 0% - 50%
2 - 0% - 50%
PK3 Defense
1 - 0% - 50%
2 - 0% - 50%
44 Forward
1 - 51% - 50% - 1:00
2 - 49% - 50% - 0:57
44 Defense
1 - 53% - 50% - 1:02
2 - 47% - 50% - 0:55
Last Minute Offensive - 0:00
Last Minute Defensive - 0:00
Total
Forward - 60:00
Defense - 60:00
|
Play-by-Play
1st period
0:01 of 1st period - John Beecher wins face-off versus Connor Dewar in neutral zone.
0:16 of 1st period - Slapshot by Travis Boyd.
0:16 of 1st period - Stopped by Trent Miner with a rebound.
0:52 of 1st period - Scott Perunovich is hit by Ty Emberson and loses puck.
1:21 of 1st period - Wrist shot by Brian Halonen.
1:21 of 1st period - Shot Misses the Net.
1:53 of 1st period - Snap shot by Brendan Brisson.
1:53 of 1st period - Shot Misses the Net.
1:55 of 1st period - Snap shot by Mackie Samoskevich.
1:55 of 1st period - Stopped by Trent Miner without a rebound.
1:56 of 1st period - Mackie Samoskevich wins face-off versus Cole Schwindt in Providence Bruins zone.
2:13 of 1st period - Snap shot by Brendan Brisson.
2:13 of 1st period - Stopped by Trent Miner with a rebound.
2:15 of 1st period - Backhand shot by Lucas Carlsson.
2:15 of 1st period - Shot Misses the Net.
2:17 of 1st period - Snap shot by Mackie Samoskevich.
2:17 of 1st period - Shot Blocked by Yegor Zamula.
2:19 of 1st period - Snap shot by Brendan Brisson.
2:19 of 1st period - Stopped by Trent Miner with a rebound.
2:21 of 1st period - Snap shot by Brendan Brisson.
2:21 of 1st period - Deflect By Yegor Zamula.
2:21 of 1st period - Shot Blocked by John Ludvig.
2:21 of 1st period - Puck is out of play.
2:22 of 1st period - Brendan Gaunce wins face-off versus Georgi Merkulov in Providence Bruins zone.
2:47 of 1st period - Connor Dewar is hit by Michael Kesselring and loses puck.
3:30 of 1st period - Brayden Tracey is hit by Austin Watson and loses puck.
3:51 of 1st period - Simon Holmstrom is hit by Brendan Gaunce and loses puck.
4:31 of 1st period - Snap shot by Simon Holmstrom.
4:31 of 1st period - Stopped by Adam Scheel with a rebound.
4:33 of 1st period - Slapshot by Connor Clifton.
4:33 of 1st period - Shot Misses the Net.
4:35 of 1st period - Wrist shot by Daniil Gushchin.
4:35 of 1st period - Shot Blocked by Matthew Maggio.
4:37 of 1st period - Snap shot by Daniil Gushchin.
4:37 of 1st period - Goal by Daniil Gushchin - Toronto St Pats : 0 - Providence Bruins : 1.
4:38 of 1st period - John Beecher wins face-off versus Connor Dewar in neutral zone.
4:59 of 1st period - Double Minor Penalty to Nick Cousins for High sticking.
5:00 of 1st period - John Farinacci wins face-off versus John Beecher in Toronto St Pats zone.
5:31 of 1st period - Daniil Gushchin is hit by Pierre-Olivier Joseph and loses puck.
5:58 of 1st period - Connor Dewar is hit by Daniil Gushchin and loses puck.
7:14 of 1st period - Brendan Gaunce is hit by Cole Schwindt and loses puck.
8:59 of 1st period - Penalty to Nick Cousins is over, Nick Cousins is back on ice.
9:10 of 1st period - Wrist shot by Nick Cousins.
9:10 of 1st period - Shot Misses the Net.
9:12 of 1st period - Wrist shot by Brendan Brisson.
9:12 of 1st period - Stopped by Trent Miner with a rebound.
9:14 of 1st period - Snap shot by Nick Cousins.
9:14 of 1st period - Stopped by Trent Miner with a rebound.
9:16 of 1st period - Slapshot by Lucas Carlsson.
9:16 of 1st period - Shot Blocked by Yegor Zamula.
9:24 of 1st period - Snap shot by Nick Cousins.
9:24 of 1st period - Deflect By Brendan Brisson.
9:24 of 1st period - Shot Misses the Net.
9:24 of 1st period - Puck is out of play.
9:25 of 1st period - Brendan Gaunce wins face-off versus Cole Schwindt in Providence Bruins zone.
9:32 of 1st period - Wrist shot by Brendan Gaunce.
9:32 of 1st period - Stopped by Trent Miner with a rebound.
9:48 of 1st period - Nick Cousins is hit by Georgi Merkulov and loses puck.
10:07 of 1st period - Sam Malinski is hit by Cole Smith and loses puck.
11:15 of 1st period - Snap shot by Alex Laferriere.
11:15 of 1st period - Shot Blocked by Lassi Thomson.
11:17 of 1st period - Snap shot by Michael Kesselring.
11:17 of 1st period - Shot Blocked by Lassi Thomson.
11:19 of 1st period - Slapshot by Nikita Chibrikov.
11:19 of 1st period - Stopped by Adam Scheel with a rebound.
11:21 of 1st period - Slapshot by Cole Schwindt.
11:21 of 1st period - Shot Misses the Net.
11:42 of 1st period - Double Minor Penalty to Lucas Carlsson for Roughing.
11:43 of 1st period - John Beecher wins face-off versus Travis Boyd in Toronto St Pats zone.
11:48 of 1st period - Wrist shot by John-Jason Peterka.
11:48 of 1st period - Deflect By John Beecher.
11:48 of 1st period - Stopped by Adam Scheel without a rebound.
11:49 of 1st period - John Beecher wins face-off versus Travis Boyd in Toronto St Pats zone.
11:50 of 1st period - Snap shot by John-Jason Peterka.
11:50 of 1st period - Goal by John-Jason Peterka - Toronto St Pats : 0 - Providence Bruins : 2.
11:51 of 1st period - John Beecher wins face-off versus Travis Boyd in neutral zone.
12:43 of 1st period - Kaedan Korczak is hit by Nikita Okhotiuk and loses puck.
13:42 of 1st period - Pierre-Olivier Joseph is hit by Michael Kesselring and loses puck.
13:50 of 1st period - Penalty to Lucas Carlsson is over, Lucas Carlsson is back on ice.
14:06 of 1st period - Brendan Gaunce is hit by Kaedan Korczak and loses puck.
14:16 of 1st period - Off-side.
14:17 of 1st period - Cole Schwindt wins face-off versus John Farinacci in neutral zone.
14:28 of 1st period - Slapshot by Scott Perunovich.
14:28 of 1st period - Stopped by Trent Miner with a rebound.
14:30 of 1st period - Backhand shot by Bogdan Trineyev.
14:30 of 1st period - Stopped by Trent Miner with a rebound.
14:32 of 1st period - Wrist shot by Bogdan Trineyev.
14:32 of 1st period - Deflect By John Farinacci.
14:32 of 1st period - Goal by John Farinacci - Toronto St Pats : 1 - Providence Bruins : 2.
14:33 of 1st period - John Beecher wins face-off versus Connor Dewar in neutral zone.
14:44 of 1st period - John Beecher is hit by Connor Dewar and loses puck.
14:59 of 1st period - Brendan Brisson is hit by Daniil Gushchin and loses puck.
15:06 of 1st period - Slapshot by Georgi Merkulov.
15:06 of 1st period - Stopped by Adam Scheel with a rebound.
15:28 of 1st period - Slapshot by Alex Laferriere.
15:28 of 1st period - Stopped by Adam Scheel with a rebound.
15:48 of 1st period - Slapshot by Travis Boyd.
15:48 of 1st period - Deflect By Brian Halonen.
15:48 of 1st period - Stopped by Trent Miner with a rebound.
15:54 of 1st period - Wrist shot by Nick Cousins.
15:54 of 1st period - Stopped by Trent Miner without a rebound.
15:55 of 1st period - John Beecher wins face-off versus Brendan Brisson in Providence Bruins zone.
15:57 of 1st period - Double Minor Penalty to Cole Smith for High sticking.
15:58 of 1st period - Connor Dewar wins face-off versus John-Jason Peterka in Providence Bruins zone.
16:10 of 1st period - Wrist shot by Nick Cousins.
16:10 of 1st period - Stopped by Trent Miner with a rebound.
16:12 of 1st period - Snap shot by Sam Malinski.
16:12 of 1st period - Stopped by Trent Miner without a rebound.
16:13 of 1st period - Cole Schwindt wins face-off versus Brendan Brisson in Providence Bruins zone.
16:23 of 1st period - Off-side.
16:24 of 1st period - Brendan Brisson wins face-off versus Cole Schwindt in neutral zone.
16:44 of 1st period - Snap shot by Cole Schwindt.
16:44 of 1st period - Shot Blocked by Pierre-Olivier Joseph.
16:52 of 1st period - Snap shot by Cole Schwindt.
16:52 of 1st period - Stopped by Adam Scheel with a rebound.
16:54 of 1st period - Slapshot by Ty Emberson.
16:54 of 1st period - Stopped by Adam Scheel without a rebound.
16:55 of 1st period - John-Jason Peterka wins face-off versus Connor Dewar in Toronto St Pats zone.
17:08 of 1st period - Wrist shot by John-Jason Peterka.
17:08 of 1st period - Shot Misses the Net.
17:10 of 1st period - Snap shot by Simon Holmstrom.
17:10 of 1st period - Deflect By John-Jason Peterka.
17:10 of 1st period - Stopped by Adam Scheel without a rebound.
17:11 of 1st period - Brendan Brisson wins face-off versus Cole Schwindt in Toronto St Pats zone.
17:36 of 1st period - John-Jason Peterka is hit by Nick Cousins and loses puck.
17:59 of 1st period - Minor Penalty to Nick Cousins for Hooking.
18:00 of 1st period - Travis Boyd wins face-off versus John-Jason Peterka in Toronto St Pats zone.
18:11 of 1st period - Connor Clifton is hit by Pierre-Olivier Joseph and loses puck.
18:26 of 1st period - Alex Laferriere is hit by Connor Dewar and loses puck.
18:57 of 1st period - Wrist shot by Brian Halonen.
18:57 of 1st period - Stopped by Adam Scheel without a rebound.
18:58 of 1st period - Connor Dewar wins face-off versus John-Jason Peterka in Toronto St Pats zone.
19:06 of 1st period - Slapshot by John-Jason Peterka.
19:06 of 1st period - Stopped by Adam Scheel without a rebound.
19:07 of 1st period - Travis Boyd wins face-off versus John-Jason Peterka in Toronto St Pats zone.
19:57 of 1st period - Penalty to Cole Smith is over, Cole Smith is back on ice.
19:59 of 1st period - Penalty to Nick Cousins is over, Nick Cousins is back on ice.
Goals for this period are 1 for Toronto St Pats vs 2 for Providence Bruins.
Shots for this period are 14 for Toronto St Pats vs 12 for Providence Bruins.
2nd period
0:01 of 2nd period - John Beecher wins face-off versus Connor Dewar in neutral zone.
0:13 of 2nd period - Wrist shot by Connor Dewar.
0:13 of 2nd period - Stopped by Trent Miner without a rebound.
0:14 of 2nd period - Georgi Merkulov wins face-off versus Brendan Brisson in Providence Bruins zone.
0:14 of 2nd period - Georgi Merkulov is hit by Brendan Brisson.
0:45 of 2nd period - Wrist shot by Travis Boyd.
0:45 of 2nd period - Stopped by Trent Miner with a rebound.
0:47 of 2nd period - Wrist shot by Pierre-Olivier Joseph.
0:47 of 2nd period - Shot Blocked by Ty Emberson.
0:49 of 2nd period - Snap shot by Nick Cousins.
0:49 of 2nd period - Shot Misses the Net.
1:09 of 2nd period - Wrist shot by Brendan Gaunce.
1:09 of 2nd period - Stopped by Trent Miner without a rebound.
1:10 of 2nd period - John Beecher wins face-off versus Brendan Brisson in Providence Bruins zone.
1:12 of 2nd period - Minor Penalty to John Ludvig for Tripping.
1:13 of 2nd period - John-Jason Peterka wins face-off versus Connor Dewar in Providence Bruins zone.
1:27 of 2nd period - Snap shot by Nick Cousins.
1:27 of 2nd period - Stopped by Trent Miner with a rebound.
1:58 of 2nd period - Icing by Lucas Carlsson.
1:59 of 2nd period - John-Jason Peterka wins face-off versus Brendan Brisson in Toronto St Pats zone.
2:42 of 2nd period - Connor Dewar is hit by John Beecher and loses puck.
3:01 of 2nd period - Simon Holmstrom is hit by Mackie Samoskevich and loses puck.
3:12 of 2nd period - Penalty to John Ludvig is over, John Ludvig is back on ice.
3:18 of 2nd period - John-Jason Peterka is hit by Lassi Thomson and loses puck.
3:23 of 2nd period - Slapshot by Nikita Okhotiuk.
3:23 of 2nd period - Deflect By John Farinacci.
3:23 of 2nd period - Goal by John Farinacci - Toronto St Pats : 2 - Providence Bruins : 2.
3:24 of 2nd period - Brendan Brisson wins face-off versus Cole Schwindt in neutral zone.
3:36 of 2nd period - Backhand shot by Cole Schwindt.
3:36 of 2nd period - Goal by Cole Schwindt - Toronto St Pats : 2 - Providence Bruins : 3.
3:37 of 2nd period - John Beecher wins face-off versus Connor Dewar in neutral zone.
3:44 of 2nd period - Snap shot by Cole Smith.
3:44 of 2nd period - Shot Blocked by Sam Malinski.
3:46 of 2nd period - Snap shot by John Beecher.
3:46 of 2nd period - Shot Misses the Net.
4:02 of 2nd period - Kaedan Korczak is hit by Sam Malinski and loses puck.
4:34 of 2nd period - Slapshot by Connor Clifton.
4:34 of 2nd period - Stopped by Adam Scheel with a rebound.
4:48 of 2nd period - Wrist shot by Brian Halonen.
4:48 of 2nd period - Stopped by Adam Scheel with a rebound.
4:56 of 2nd period - Nikita Okhotiuk is hit by Connor Clifton and loses puck.
5:08 of 2nd period - Cole Smith beats up Lassi Thomson.
5:08 of 2nd period - Penalty to Cole Smith for Fighting.
5:08 of 2nd period - Penalty to Lassi Thomson for Fighting.
5:09 of 2nd period - John Beecher wins face-off versus Connor Dewar in Providence Bruins zone.
5:23 of 2nd period - Wrist shot by Alex Laferriere.
5:23 of 2nd period - Shot Misses the Net.
5:25 of 2nd period - Slapshot by John Beecher.
5:25 of 2nd period - Stopped by Adam Scheel with a rebound.
5:37 of 2nd period - Wrist shot by Simon Holmstrom.
5:37 of 2nd period - Stopped by Adam Scheel with a rebound.
5:39 of 2nd period - Wrist shot by Simon Holmstrom.
5:39 of 2nd period - Goal by Simon Holmstrom - Toronto St Pats : 2 - Providence Bruins : 4.
5:40 of 2nd period - Connor Dewar wins face-off versus Georgi Merkulov in neutral zone.
5:40 of 2nd period - Scott Perunovich is hit by Georgi Merkulov and loses puck.
5:52 of 2nd period - Minor Penalty to John Ludvig for Slashing.
5:53 of 2nd period - Brendan Brisson wins face-off versus John-Jason Peterka in Providence Bruins zone.
5:54 of 2nd period - Snap shot by Austin Watson.
5:54 of 2nd period - Stopped by Trent Miner with a rebound.
6:12 of 2nd period - Snap shot by John Beecher.
6:12 of 2nd period - Shot Misses the Net.
7:00 of 2nd period - Pierre-Olivier Joseph is hit by John-Jason Peterka and loses puck.
7:47 of 2nd period - Georgi Merkulov is hit by Ryan Tverberg.
7:51 of 2nd period - Mackie Samoskevich is hit by Ty Emberson and loses puck.
7:52 of 2nd period - Penalty to John Ludvig is over, John Ludvig is back on ice.
7:58 of 2nd period - Slapshot by Georgi Merkulov.
7:58 of 2nd period - Stopped by Adam Scheel with a rebound.
8:00 of 2nd period - Snap shot by Yegor Zamula.
8:00 of 2nd period - Shot Misses the Net.
8:02 of 2nd period - Slapshot by John Ludvig.
8:02 of 2nd period - Shot Misses the Net.
8:04 of 2nd period - Snap shot by Georgi Merkulov.
8:04 of 2nd period - Shot Misses the Net.
8:06 of 2nd period - Snap shot by Yegor Zamula.
8:06 of 2nd period - Stopped by Adam Scheel with a rebound.
8:14 of 2nd period - Snap shot by Alex Laferriere.
8:14 of 2nd period - Shot Misses the Net.
8:16 of 2nd period - Slapshot by Yegor Zamula.
8:16 of 2nd period - Shot Misses the Net.
8:18 of 2nd period - Slapshot by Connor Clifton.
8:18 of 2nd period - Stopped by Adam Scheel with a rebound.
8:20 of 2nd period - Slapshot by Georgi Merkulov.
8:20 of 2nd period - Shot Blocked by Pierre-Olivier Joseph.
8:22 of 2nd period - Snap shot by Georgi Merkulov.
8:22 of 2nd period - Shot Misses the Net.
8:24 of 2nd period - Slapshot by Daniil Gushchin.
8:24 of 2nd period - Goal by Daniil Gushchin - Toronto St Pats : 2 - Providence Bruins : 5.
8:25 of 2nd period - John Beecher wins face-off versus Connor Dewar in neutral zone.
8:28 of 2nd period - Snap shot by John-Jason Peterka.
8:28 of 2nd period - Shot Misses the Net.
8:38 of 2nd period - Snap shot by Alex Laferriere.
8:38 of 2nd period - Stopped by Adam Scheel without a rebound.
8:39 of 2nd period - Georgi Merkulov wins face-off versus Brett Berard in Toronto St Pats zone.
8:44 of 2nd period - Slapshot by Daniil Gushchin.
8:44 of 2nd period - Shot Misses the Net.
8:52 of 2nd period - Wrist shot by Daniil Gushchin.
8:52 of 2nd period - Stopped by Adam Scheel without a rebound.
8:53 of 2nd period - John Beecher wins face-off versus Nick Cousins in Toronto St Pats zone.
9:14 of 2nd period - Minor Penalty to John Beecher for Tripping.
9:15 of 2nd period - Connor Dewar wins face-off versus John-Jason Peterka in Providence Bruins zone.
9:18 of 2nd period - Backhand shot by Connor Dewar.
9:18 of 2nd period - Shot Misses the Net.
9:40 of 2nd period - Mackie Samoskevich is hit by Connor Clifton and loses puck.
10:08 of 2nd period - Penalty to Cole Smith is over, Cole Smith is back on ice.
10:27 of 2nd period - Kaedan Korczak is hit by Travis Boyd and loses puck.
10:48 of 2nd period - Sam Malinski is hit by Michael Kesselring and loses puck.
10:55 of 2nd period - Pierre-Olivier Joseph is hit by Cole Smith.
11:01 of 2nd period - Travis Boyd is hit by Kaedan Korczak and loses puck.
11:14 of 2nd period - Penalty to John Beecher is over, John Beecher is back on ice.
11:32 of 2nd period - Icing by Connor Clifton.
11:33 of 2nd period - Brendan Brisson wins face-off versus John-Jason Peterka in Providence Bruins zone.
11:38 of 2nd period - Slapshot by Brendan Brisson.
11:38 of 2nd period - Shot Blocked by Ty Emberson.
13:05 of 2nd period - Snap shot by John-Jason Peterka.
13:05 of 2nd period - Stopped by Adam Scheel without a rebound.
13:06 of 2nd period - Cole Schwindt wins face-off versus Brendan Gaunce in Toronto St Pats zone.
13:31 of 2nd period - Michael Kesselring is hit by Pierre-Olivier Joseph and loses puck.
13:38 of 2nd period - Wrist shot by Brian Halonen.
13:38 of 2nd period - Stopped by Adam Scheel without a rebound.
13:39 of 2nd period - Connor Dewar wins face-off versus Cole Schwindt in Toronto St Pats zone.
14:48 of 2nd period - Backhand shot by Georgi Merkulov.
14:48 of 2nd period - Shot Blocked by Pierre-Olivier Joseph.
16:19 of 2nd period - Kaedan Korczak is hit by Austin Watson and loses puck.
17:07 of 2nd period - Kaedan Korczak is hit by Nikita Okhotiuk and loses puck.
18:07 of 2nd period - Snap shot by John Farinacci.
18:07 of 2nd period - Stopped by Trent Miner with a rebound.
18:19 of 2nd period - John-Jason Peterka is hit by Travis Boyd and loses puck.
18:38 of 2nd period - Simon Holmstrom is hit by Austin Watson and loses puck.
19:15 of 2nd period - Slapshot by Sam Malinski.
19:15 of 2nd period - Stopped by Trent Miner with a rebound.
19:22 of 2nd period - Connor Clifton is hit by Sam Malinski and loses puck.
19:39 of 2nd period - Wrist shot by Brendan Brisson.
19:39 of 2nd period - Stopped by Trent Miner without a rebound.
19:40 of 2nd period - Mackie Samoskevich wins face-off versus John Beecher in Providence Bruins zone.
19:49 of 2nd period - Snap shot by Mackie Samoskevich.
19:49 of 2nd period - Shot Misses the Net.
19:51 of 2nd period - Slapshot by Lucas Carlsson.
19:51 of 2nd period - Shot Misses the Net.
19:53 of 2nd period - Snap shot by Brendan Brisson.
19:53 of 2nd period - Stopped by Trent Miner with a rebound.
19:55 of 2nd period - Snap shot by Lucas Carlsson.
19:55 of 2nd period - Stopped by Trent Miner with a rebound.
19:57 of 2nd period - Snap shot by Sam Malinski.
19:57 of 2nd period - Stopped by Trent Miner with a rebound.
19:59 of 2nd period - Wrist shot by Brendan Brisson.
19:59 of 2nd period - Stopped by Trent Miner without a rebound.
Goals for this period are 1 for Toronto St Pats vs 3 for Providence Bruins.
Shots for this period are 13 for Toronto St Pats vs 14 for Providence Bruins.
3rd period
0:01 of 3rd period - Simon Holmstrom wins face-off versus Connor Dewar in neutral zone.
1:35 of 3rd period - Slapshot by Georgi Merkulov.
1:35 of 3rd period - Stopped by Adam Scheel with a rebound.
1:44 of 3rd period - Icing by Ty Emberson.
1:45 of 3rd period - Daniil Gushchin wins face-off versus Mackie Samoskevich in Providence Bruins zone.
1:50 of 3rd period - Slapshot by Ty Emberson.
1:50 of 3rd period - Stopped by Adam Scheel with a rebound.
2:56 of 3rd period - Slapshot by Kaedan Korczak.
2:56 of 3rd period - Shot Blocked by Bogdan Trineyev.
3:00 of 3rd period - Snap shot by Jayden Grubbe.
3:00 of 3rd period - Shot Misses the Net.
3:02 of 3rd period - Snap shot by Brayden Tracey.
3:02 of 3rd period - Shot Misses the Net.
3:14 of 3rd period - Snap shot by Alex Laferriere.
3:14 of 3rd period - Shot Misses the Net.
3:16 of 3rd period - Snap shot by Yegor Zamula.
3:16 of 3rd period - Shot Misses the Net.
3:18 of 3rd period - Slapshot by Nikita Chibrikov.
3:18 of 3rd period - Goal by Nikita Chibrikov - Toronto St Pats : 2 - Providence Bruins : 6.
3:19 of 3rd period - Georgi Merkulov wins face-off versus Connor Dewar in neutral zone.
3:28 of 3rd period - Daniil Gushchin is hit by Nick Cousins and loses puck.
3:35 of 3rd period - Snap shot by Michael Kesselring.
3:35 of 3rd period - Shot Blocked by Travis Boyd.
3:45 of 3rd period - John-Jason Peterka is hit by Austin Watson.
3:52 of 3rd period - Off-side.
3:53 of 3rd period - Brendan Gaunce wins face-off versus Cole Schwindt in neutral zone.
3:57 of 3rd period - Yegor Zamula beats up Sam Malinski.
3:57 of 3rd period - Penalty to Yegor Zamula for Fighting.
3:57 of 3rd period - Penalty to Sam Malinski for Fighting.
3:58 of 3rd period - Connor Dewar wins face-off versus Daniil Gushchin in Providence Bruins zone.
4:09 of 3rd period - Snap shot by Simon Holmstrom.
4:09 of 3rd period - Deflect By Daniil Gushchin.
4:09 of 3rd period - Shot Blocked by Connor Dewar.
4:09 of 3rd period - Puck is out of play.
4:10 of 3rd period - Nick Cousins wins face-off versus Georgi Merkulov in Toronto St Pats zone.
4:10 of 3rd period - Nick Cousins is hit by Simon Holmstrom.
4:26 of 3rd period - Snap shot by Travis Boyd.
4:26 of 3rd period - Stopped by Trent Miner without a rebound.
4:27 of 3rd period - Brendan Gaunce wins face-off versus John Beecher in Providence Bruins zone.
4:40 of 3rd period - Snap shot by Ryan Tverberg.
4:40 of 3rd period - Stopped by Trent Miner without a rebound.
4:41 of 3rd period - Georgi Merkulov wins face-off versus Brendan Brisson in Providence Bruins zone.
4:46 of 3rd period - Snap shot by Michael Kesselring.
4:46 of 3rd period - Deflect By Daniil Gushchin.
4:46 of 3rd period - Shot Misses the Net.
4:46 of 3rd period - Puck is out of play.
4:47 of 3rd period - Georgi Merkulov wins face-off versus Brendan Brisson in Toronto St Pats zone.
4:54 of 3rd period - Snap shot by Simon Holmstrom.
4:54 of 3rd period - Deflect By Pierre-Olivier Joseph.
4:54 of 3rd period - Shot Blocked by Nikita Okhotiuk.
4:54 of 3rd period - Puck is out of play.
4:55 of 3rd period - Connor Dewar wins face-off versus Georgi Merkulov in Toronto St Pats zone.
4:57 of 3rd period - Nick Cousins beats up Michael Kesselring.
4:57 of 3rd period - Penalty to Michael Kesselring for Fighting.
4:57 of 3rd period - Penalty to Nick Cousins for Fighting.
4:58 of 3rd period - Connor Dewar wins face-off versus Daniil Gushchin in neutral zone.
5:23 of 3rd period - John Ludvig is hit by Mackie Samoskevich and loses puck.
5:48 of 3rd period - Cole Smith is hit by Lucas Carlsson and loses puck.
6:15 of 3rd period - Slapshot by Ryan Tverberg.
6:15 of 3rd period - Stopped by Trent Miner without a rebound.
6:16 of 3rd period - Brendan Gaunce wins face-off versus Daniil Gushchin in Providence Bruins zone.
6:35 of 3rd period - Georgi Merkulov is hit by Brett Berard and loses puck.
6:44 of 3rd period - Snap shot by Ryan Tverberg.
6:44 of 3rd period - Stopped by Trent Miner with a rebound.
6:46 of 3rd period - Snap shot by Brendan Gaunce.
6:46 of 3rd period - Shot Misses the Net.
6:48 of 3rd period - Slapshot by Lucas Carlsson.
6:48 of 3rd period - Shot Misses the Net.
6:50 of 3rd period - Snap shot by Brendan Gaunce.
6:50 of 3rd period - Stopped by Trent Miner with a rebound.
7:09 of 3rd period - Wrist shot by Kaedan Korczak.
7:09 of 3rd period - Shot Misses the Net.
7:17 of 3rd period - Wrist shot by Brendan Gaunce.
7:17 of 3rd period - Deflect By Simon Holmstrom.
7:17 of 3rd period - Stopped by Trent Miner with a rebound.
7:19 of 3rd period - Snap shot by Lassi Thomson.
7:19 of 3rd period - Shot Misses the Net.
7:21 of 3rd period - Wrist shot by Brendan Gaunce.
7:21 of 3rd period - Shot Misses the Net.
7:23 of 3rd period - Slapshot by Brendan Gaunce.
7:23 of 3rd period - Shot Misses the Net.
7:25 of 3rd period - Wrist shot by Brendan Gaunce.
7:25 of 3rd period - Shot Misses the Net.
7:27 of 3rd period - Snap shot by Ryan Tverberg.
7:27 of 3rd period - Stopped by Trent Miner with a rebound.
7:29 of 3rd period - Slapshot by Ryan Tverberg.
7:29 of 3rd period - Goal by Ryan Tverberg - Toronto St Pats : 3 - Providence Bruins : 6.
7:30 of 3rd period - John Beecher wins face-off versus Connor Dewar in neutral zone.
7:33 of 3rd period - Connor Dewar is hit by John Beecher and loses puck.
7:44 of 3rd period - Slapshot by Cole Smith.
7:44 of 3rd period - Stopped by Adam Scheel without a rebound.
7:45 of 3rd period - Cole Schwindt wins face-off versus Brendan Brisson in Toronto St Pats zone.
7:56 of 3rd period - Slapshot by Alex Laferriere.
7:56 of 3rd period - Stopped by Adam Scheel with a rebound.
7:58 of 3rd period - Wrist shot by Nikita Chibrikov.
7:58 of 3rd period - Deflect By Alex Laferriere.
7:58 of 3rd period - Stopped by Adam Scheel with a rebound.
8:00 of 3rd period - Slapshot by Alex Laferriere.
8:00 of 3rd period - Shot Blocked by Pierre-Olivier Joseph.
8:59 of 3rd period - Slapshot by Simon Holmstrom.
8:59 of 3rd period - Stopped by Adam Scheel with a rebound.
9:15 of 3rd period - Brendan Gaunce is hit by Yegor Zamula and loses puck.
9:22 of 3rd period - Snap shot by Nikita Chibrikov.
9:22 of 3rd period - Shot Misses the Net.
9:24 of 3rd period - Slapshot by John Ludvig.
9:24 of 3rd period - Shot Blocked by Scott Perunovich.
9:57 of 3rd period - Jayden Grubbe is hit by Austin Watson and loses puck.
10:20 of 3rd period - Wrist shot by Georgi Merkulov.
10:20 of 3rd period - Stopped by Adam Scheel with a rebound.
10:38 of 3rd period - Wrist shot by Nikita Chibrikov.
10:38 of 3rd period - Stopped by Adam Scheel with a rebound.
10:40 of 3rd period - Slapshot by Connor Clifton.
10:40 of 3rd period - Stopped by Adam Scheel with a rebound.
11:17 of 3rd period - Wrist shot by Austin Watson.
11:17 of 3rd period - Shot Misses the Net.
11:19 of 3rd period - Slapshot by Sam Malinski.
11:19 of 3rd period - Stopped by Trent Miner without a rebound.
11:20 of 3rd period - Cole Schwindt wins face-off versus Brendan Brisson in Providence Bruins zone.
12:05 of 3rd period - Brendan Gaunce is hit by Connor Clifton and loses puck.
12:14 of 3rd period - Connor Clifton is hit by Brett Berard and loses puck.
12:34 of 3rd period - Minor Penalty to Connor Clifton for Tripping.
12:35 of 3rd period - John-Jason Peterka wins face-off versus Brendan Brisson in Providence Bruins zone.
13:00 of 3rd period - Scott Perunovich is hit by Michael Kesselring and loses puck.
14:34 of 3rd period - Penalty to Connor Clifton is over, Connor Clifton is back on ice.
15:04 of 3rd period - Wrist shot by John Farinacci.
15:04 of 3rd period - Shot Misses the Net.
15:12 of 3rd period - Snap shot by John Farinacci.
15:12 of 3rd period - Stopped by Trent Miner with a rebound.
15:14 of 3rd period - Snap shot by Lassi Thomson.
15:14 of 3rd period - Stopped by Trent Miner with a rebound.
15:55 of 3rd period - Slapshot by Kaedan Korczak.
15:55 of 3rd period - Stopped by Adam Scheel without a rebound.
15:56 of 3rd period - Jayden Grubbe wins face-off versus Brendan Gaunce in Toronto St Pats zone.
15:57 of 3rd period - Snap shot by Yegor Zamula.
15:57 of 3rd period - Shot Blocked by Lassi Thomson.
17:04 of 3rd period - Pierre-Olivier Joseph is hit by Nikita Chibrikov and loses puck.
17:31 of 3rd period - Brendan Brisson is hit by Alex Laferriere and loses puck.
17:48 of 3rd period - Alex Laferriere is hit by Austin Watson and loses puck.
17:57 of 3rd period - Slapshot by Connor Clifton.
17:57 of 3rd period - Shot Blocked by Nikita Okhotiuk.
18:01 of 3rd period - Slapshot by Connor Clifton.
18:01 of 3rd period - Shot Blocked by Brendan Brisson.
18:03 of 3rd period - Wrist shot by Alex Laferriere.
18:03 of 3rd period - Shot Misses the Net.
18:05 of 3rd period - Backhand shot by Cole Schwindt.
18:05 of 3rd period - Shot Misses the Net.
18:07 of 3rd period - Snap shot by Nikita Chibrikov.
18:07 of 3rd period - Deflect By Mackie Samoskevich.
18:07 of 3rd period - Shot Misses the Net.
18:07 of 3rd period - Puck is out of play.
18:08 of 3rd period - Georgi Merkulov wins face-off versus Travis Boyd in Toronto St Pats zone.
18:40 of 3rd period - Slapshot by Yegor Zamula.
18:40 of 3rd period - Stopped by Adam Scheel without a rebound.
18:41 of 3rd period - Brendan Gaunce wins face-off versus Simon Holmstrom in Toronto St Pats zone.
19:05 of 3rd period - Brett Berard is hit by Daniil Gushchin and loses puck.
19:12 of 3rd period - Wrist shot by Daniil Gushchin.
19:12 of 3rd period - Shot Misses the Net.
19:14 of 3rd period - Wrist shot by Daniil Gushchin.
19:14 of 3rd period - Deflect By Georgi Merkulov.
19:14 of 3rd period - Shot Misses the Net.
19:14 of 3rd period - Puck is out of play.
19:15 of 3rd period - John Beecher wins face-off versus Connor Dewar in Toronto St Pats zone.
Goals for this period are 1 for Toronto St Pats vs 1 for Providence Bruins.
Shots for this period are 11 for Toronto St Pats vs 12 for Providence Bruins.
Back to the Top